 Dungeon Crawl Stone Soup version 0.21-a0-221-gfe971b9 (webtiles) character file.

2 tidbits the Vexing (level 1, 0/9 HPs)
             Began as a Vine Stalker Arcane Marksman on Aug 26, 2017.
             Succumbed to an adder's poison
             ... on level 1 of the Dungeon.
             The game lasted 00:01:19 (78 turns).

tidbits the Vexing (Vine Stalker Arcane Marksman)     Turns: 78, Time: 00:01:19

Health: 0/9        AC:  2    Str: 12    XL:     1   Next: 40%
Magic:  0/3        EV: 12    Int: 13    God:
Gold:   0          SH:  0    Dex: 14    Spells: 1/2 levels left

rFire    . . .     SeeInvis .   (no weapon)
rCold    . . .     Gourm    .   (no shield)
rNeg     . . .     Faith    .   a - +0 robe
rPois    .         Spirit   +   (no helmet)
rElec    .         Reflect  .   (no cloak)
rCorr    .         Harm     .   (no gloves)
MR       .....                  (no boots)
Stlth    +.........             (no amulet)
HPRegen  0.03/turn              (no ring)
MPRegen  0.08/turn              (no ring)

@: lethally poisoned (0 -> -13)
A: fangs 2, magic shield, antimagic bite, no potion heal 3, rot immunity
a: no special abilities


You were on level 1 of the Dungeon.
You were not hungry.

You visited 1 branch of the dungeon, and saw 2 of its levels.

Inventory:

Missiles
 e - 15 stones (quivered)
Armour
 a - a +0 robe (worn)
Books
 b - a book of Debilitation

   Spells                             Type                      Level
   a - Corona                         Hexes                        1
   b - Slow                           Hexes                        2
   c - Inner Flame                    Hexes/Fire                   3
   d - Portal Projectile              Hexes/Translocation          3
   e - Cause Fear                     Hexes                        4
   f - Leda's Liquefaction            Hexes/Earth                  4
Comestibles
 f - a bread ration


   Skills:
 - Level 0.8 Fighting
 - Level 1.7 Throwing
 - Level 1.5 Dodging
 + Level 0.8 Unarmed Combat
 - Level 1.1 Spellcasting
 - Level 3.0 Hexes


You had one spell level left.
You knew the following spells:

 Your Spells              Type           Power        Failure   Level  Hunger
o - Corona                Hex            #......      9%          1    ##.....


Dungeon Overview and Level Annotations

Branches:
Dungeon (2/15)

Altars:


Innate Abilities, Weirdness & Mutations

You have extremely sharp teeth.
When hurt, damage is shared between your health and your magic reserves.
Your bite disrupts and absorbs the magic of your enemies.
Potions cannot restore your health.
You are immune to rotting.


Message History

You throw a javelin. The javelin hits the giant cockroach.
You kill the giant cockroach!
You hear a splash.
You enter the shallow water.
Moving in this stuff is going to be slow.
c - 5 javelins (gained 1)
You see here a giant cockroach corpse.
Found a stone staircase leading down.
Found 15 poisoned needles.
There is a stone staircase leading down here.
You climb downwards.
An adder and a giant cockroach come into view.
The adder hisses angrily.
Found 26 sling bullets and a scroll labeled BICSOF VIMM.
There is a stone staircase leading up here.
Throwing (i - inventory. (,) - cycle):
c - 5 javelins (quivered)
Press: ? - help, Shift-Dir - straight line, f - adder
Aim: an adder You throw a javelin.
The javelin hits the adder.
The adder is lightly wounded.
Throwing (i - inventory. (,) - cycle):
c - 4 javelins (quivered)
Press: ? - help, Shift-Dir - straight line, f/p - adder
Aim: an adder (lightly wounded)
You throw a javelin. The javelin barely misses the adder.
Throwing (i - inventory. (,) - cycle):
c - 3 javelins (quivered)
Press: ? - help, Shift-Dir - straight line, f/p - adder
Aim: an adder (lightly wounded)
You throw a javelin. The javelin misses the adder.
The adder bites you. The adder closely misses you.
The giant cockroach barely misses you. The adder barely misses you.
You climb upwards.
There is a stone staircase leading down here.
The giant cockroach bites you but does no damage.
The giant cockroach waves its antennae.
The adder closely misses you.
The giant cockroach bites you but does no damage.
Throwing (i - inventory. (,) - cycle):
c - 2 javelins (quivered)
Press: ? - help, Shift-Dir - straight line, f - giant cockroach
Aim: a giant cockroach (clinging)
You throw a javelin. The javelin closely misses the adder.
The javelin hits the giant cockroach!
You kill the giant cockroach!
The adder barely misses you. The adder bites you.
* * * LOW HITPOINT WARNING * * *
You are lethally poisoned!
The adder poisons you!
You aren't carrying any potions.
Unknown command.
You aren't carrying any potions.
Unknown command.
You completely miss the adder. Your bite misses the adder.
* * * LOW HITPOINT WARNING * * *
You feel sick. The adder misses you.
You aren't carrying any potions.
Unknown command.
Throwing (i - inventory. (,) - cycle):
c - a javelin (quivered)
Press: ? - help, Shift-Dir - straight line, f - adder
Aim: an adder You throw a javelin.
The javelin hits the adder.
The adder is heavily wounded.
The adder bites you but does no damage. The adder misses you.
Throwing (i - inventory. (,) - cycle):
d - 2 throwing nets (quivered)
{!f}
Press: ? - help, Shift-Dir - straight line, f/p - adder
Aim: an adder (heavily wounded) Really fire
d - 2 throwing nets {!f}?
Throwing (i - inventory. (,) - cycle):
d - 2 throwing nets (quivered)
{!f}
Press: ? - help, Shift-Dir - straight line, f/p - adder
Aim: an adder (heavily wounded) Really fire
d - 2 throwing nets {!f}?
Throwing (i - inventory. (,) - cycle):
d - 2 throwing nets (quivered)
{!f}
Press: ? - help, Shift-Dir - straight line, f/p - adder
Aim: an adder (heavily wounded) Really fire
d - 2 throwing nets {!f}?
You throw a throwing net {!f}.
The throwing net {!f} closely misses the adder.
The adder bites you but does no damage.
Fire/throw which item? (* to show all) (? for menu, Esc to quit)
Okay, then.
Throwing (i - inventory. (,) - cycle):
d - a throwing net (quivered)
{!f}
Press: ? - help, Shift-Dir - straight line, f/p - adder
Aim: an adder (heavily wounded) Really fire
d - a throwing net {!f}?
You throw a throwing net {!f}. The throwing net {!f} misses the adder.
* * * LOW HITPOINT WARNING * * *
You feel sick. The adder closely misses you.
You aren't carrying any potions.
Unknown command.
The adder barely misses you.
You hit the adder. You bite the adder. You drain its power.
The adder is almost dead.
The adder closely misses you.
You hit the adder.
The adder is almost dead.
The adder bites you.
* * * LOW HITPOINT WARNING * * *
You are more poisoned.
The adder poisons you!
You barely miss the adder.
The adder is almost dead.
You die...

♣♣♣≈≈≈♣♣♣ ♣♣♣.##
♣♣♣..≈≈≈♣♣♣♣♣♣..#######
♣♣♣...♣♣♣♣♣♣.....#.......
♣ ♣♣...♣♣♣
♣♣.....#....#####
.♣♣♣.♣♣♣♣ ♣♣..... #....#
. ♣...♣♣ ♣♣..... #....#
.. .♣♣♣♣
♣.....####....###... ♣♣
♣...(.S((..#.......
...##.@##...........
#........>.##...
#..........# ...
#..........# ..
.............
###.........###
........... ##.#########
#.


You could see an adder.

Vanquished Creatures
  2 giant cockroaches (D:1)
2 creatures vanquished.

Notes
Turn   | Place    | Note
-------+----------+-------------------------------------------
     0 | D:1      | tidbits the Vine Stalker Arcane Marksman began the quest for the Orb.
     0 | D:1      | Reached XP level 1. HP: 9/9 MP: 3/3
    78 | D:1      | Succumbed to an adder's poison

Vault maps used:
D:1:      kilobyte_arrival_exit_the_forest
D:2:      bloody_trog, yredelemnul_forgotten_temple_becter, uniq_robin

Action                   || total
-------------------------++-------
Melee: Unarmed           ||     4
       Bite              ||     1
Throw: Javelin           ||     6
       Throwing net      ||     2
Armor: Robe              ||     4
Dodge: Dodged            ||    10

Table legend:
 A = Spawn XP
 B = Non-spawn XP
 C = Spawn XP percentage of total XP
 D = Spawn monster count
 E = Non-spawn monster count
 F = Spawn count percentage of total count
 G = Total turns spent on level
                    A         B        C        D         E        F      G
               +---------+---------+-------+---------+---------+-------+---------
         Total |       0 |       4 |   0.0 |       0 |       2 |   0.0 |    78
               +---------+---------+-------+---------+---------+-------+---------
           D:1 |       0 |       4 |   0.0 |       0 |       2 |   0.0 |    73
               +---------+---------+-------+---------+---------+-------+---------

Table legend:
 A = Turns spent in this place as a percentage of turns spent in the entire game.
 B = Non-inter-level travel turns spent in this place as a percentage of non-inter-level travel turns spent in the entire game.
 C = Inter-level travel turns spent in this place as a percentage of turns spent in this place.
 D = Turns resting spent in this place as a percentage of non-inter-level travel turns spent in this place.
 E = Turns spent auto-exploring this place as a percentage of non-inter-level travel turns spent in this place.
 F = Non-inter-level travel turns spent in this place divided by the number of levels of this place that you've seen.
                   A       B       C       D       E      F
               +-------+-------+-------+-------+-------+----------------------
         Total | 100.0 | 100.0 |   0.0 |   0.0 |   0.0 |  39.0
       Dungeon | 100.0 | 100.0 |   0.0 |   0.0 |   0.0 |  39.0
               +-------+-------+-------+-------+-------+----------------------

Table legend:
 A = Kills in this place as a percentage of kills in entire the game.
 B = Kills by you in this place as a percentage of kills by you in the entire game.
 C = Kills by friends in this place as a percentage of kills by friends in the entire game.
 D = Other kills in this place as a percentage of other kills in the entire game.
 E = Experience gained in this place as a percentage of experience gained in the entire game.
 F = Experience gained in this place divided by the number of levels of this place that you have seen.
                   A       B       C       D       E      F
               +-------+-------+-------+-------+-------+----------------------
         Total | 100.0 | 100.0 |   N/A |   N/A | 100.0 |   2.0
       Dungeon | 100.0 | 100.0 |   N/A |   N/A | 100.0 |   2.0
               +-------+-------+-------+-------+-------+----------------------

Vault maps used:
D:1:      kilobyte_arrival_exit_the_forest
D:2:      bloody_trog, yredelemnul_forgotten_temple_becter, uniq_robin
